 Dungeon Crawl Stone Soup version 0.22.0-78-g6c94d2c (webtiles) character file.

818 Ghost6211 the Shield-Bearer (level 7, -2/50 HPs)
             Began as an Octopode Fighter on Sept 16, 2018.
             Was an Initiate of Makhleb.
             Slain by Duvessa
             ... wielding a cursed -2 short sword
              (15 damage)
             ... on level 5 of the Dungeon on Sept 17, 2018.
             The game lasted 00:10:15 (4192 turns).

Ghost6211 the Shield-Bearer (Octopode Fighter)      Turns: 4192, Time: 00:10:17

Health: -2/50      AC:  1    Str: 17    XL:     7   Next: 94%
Magic:  7/7        EV: 12    Int: 11    God:    Makhleb [......]
Gold:   194        SH: 10    Dex: 11    Spells: 6/6 levels left

rFire    + . .     SeeInvis +   a - +0 war axe
rCold    x . .     Gourm    .   b - +0 shield
rNeg     . . .     Faith    .   (helmet restricted)
rPois    .         Spirit   .   u - amulet of magic regeneration
rElec    .         Reflect  .   p - ring of fire
rCorr    .         Harm     .   x - ring of see invisible
MR       .....                  (no ring)
Stlth    +.........             (no ring)
HPRegen  0.16/turn              (no ring)
MPRegen  0.35/turn              (no ring)
                                (no ring)
                                (no ring)

@: glowing
A: almost no armour, stealthy swim, amphibious, 8 rings, constrict 8, camouflage
1, gelatinous body 1
a: Renounce Religion


You were on level 5 of the Dungeon.
You worshipped Makhleb.
Makhleb was noncommittal.
You were hungry.

You visited 2 branches of the dungeon, and saw 6 of its levels.

You collected 194 gold pieces.

Inventory:

Hand Weapons
 a - a +0 war axe (weapon)
Missiles
 n - 128 stones (quivered)
Armour
 b - a +0 shield (worn)
Jewellery
 p - a ring of fire (left tentacle)
 u - an amulet of magic regeneration (around mantle)
 x - a ring of see invisible (right tentacle)
Wands
 r - a wand of enslavement (3)
 t - a wand of paralysis (18)
 y - a wand of polymorph (11)
Scrolls
 e - a scroll of amnesia {unknown}
 f - a scroll of noise {unknown}
 l - 2 scrolls of identify
 m - 4 scrolls of teleportation {unknown}
 o - a scroll of remove curse {unknown}
 v - a scroll of fog {unknown}
 A - a scroll of summoning {unknown}
Potions
 c - 2 potions of berserk rage {unknown}
 g - 6 potions of curing {unknown}
 h - 2 potions of heal wounds {unknown}
 i - 2 potions of haste {unknown}
 j - 4 potions of magic {unknown}
 k - a potion of brilliance {unknown}
 q - 2 potions of lignification {unknown}
 s - a potion of resistance {unknown}
 w - a potion of flight {unknown}
 z - a potion of invisibility {unknown}
Comestibles
 d - 7 rations


   Skills:
 + Level 5.2 Fighting
 + Level 4.7 Axes
 - Level 3.0 Dodging
 * Level 6.7 Shields


You had 6 spell levels left.
You didn't know any spells.
Your spell library was empty.

Dungeon Overview and Level Annotations

Branches:
Dungeon (5/15)             Temple (1/1) D:4

Altars:
Ashenzari
Dithmenos
Elyvilon
Fedhas
Kikubaaqudgha
Makhleb
Nemelex Xobeh
Okawaru
Ru
Sif Muna
Trog
Uskayaw
Vehumet
Xom
Yredelemnul
The Shining One

Annotations:
D:5 Duvessa


Innate Abilities, Weirdness & Mutations

You cannot wear most types of armour.
You are very stealthy in the water. (Stealth+)
You are amphibious.
You can wear up to eight rings at the same time.
You can use your tentacles to constrict eight enemies at once.
Your skin changes colour to match your surroundings (Stealth+).
Your rubbery body absorbs attacks. (AC +1, EV +1)


Message History

Duvessa hits you with a short sword. Duvessa hits you with a short sword!
You slash Duvessa! You grab Duvessa.
Duvessa is lightly wounded.
You constrict Duvessa. You block Duvessa's attack.
Duvessa hits you with a short sword.
You are too injured to fight recklessly!
You are too injured to fight recklessly!
You are too injured to fight recklessly!
You slash Duvessa!
Duvessa is heavily wounded.
You constrict Duvessa. Duvessa hits you with a short sword.
You block Duvessa's attack.
You hit Duvessa.
Duvessa is heavily wounded.
You constrict Duvessa. Duvessa misses you. Duvessa hits you with a short sword.
* * * LOW HITPOINT WARNING * * *
You hit Duvessa but do no damage.
Duvessa is heavily wounded.
You constrict Duvessa. Duvessa hits you with a short sword!
You die...

......<...#
####....######## #+
#.......# #..#.. ..
#.......# #..#.# .#
#.......# #..#.# .# #
#.......# #..#.# .# .#
####+#..# #..#.##.#..#
........###..#...e...#.#
................@).....#
..##.##.###..#####..%###
...).# #.............
#.#####.####.#.#.#.>####
....................
#.#####.####.####### #.#
................
#.##.##.##..######..
#.##.###....#


You could see Duvessa (berserk).

Vanquished Creatures
  Grinder (D:3)
  Sigmund (D:2)
  A phantom (D:4)
  Dowan (D:5)
  A bullfrog skeleton (D:4)
  A centaur skeleton (D:4)
  2 iguanas
  Ijyb (D:3)
  3 gnolls (D:4)
  5 adders
  A howler monkey skeleton (D:4)
  3 oozes
  3 worms
  A dart slug (D:2)
  4 leopard geckos
  2 orcs
  8 bats
  2 giant cockroaches
  10 goblins
  13 hobgoblins
  8 jackals (D:1)
  3 kobolds
  A quokka (D:4)
  A ball python (D:2)
  4 frilled lizards
  5 rats
86 creatures vanquished.

Notes
Turn   | Place    | Note
-------+----------+-------------------------------------------
     0 | D:1      | Ghost6211 the Octopode Fighter began the quest for the Orb.
     0 | D:1      | Reached XP level 1. HP: 16/16 MP: 1/1
    23 | D:1      | Reached XP level 2. HP: 20/21 MP: 2/2
   240 | D:1      | Reached XP level 3. HP: 21/26 MP: 3/3
   473 | D:1      | Found a hide-covered altar of Uskayaw.
   544 | D:2      | Noticed Sigmund
   552 | D:2      | Killed Sigmund
   552 | D:2      | Reached skill level 4 in Shields
   552 | D:2      | Reached XP level 4. HP: 14/33 MP: 4/4
   552 | D:2      | Reached XP level 5. HP: 16/37 MP: 5/5
  1027 | D:2      | Reached skill level 5 in Shields
  1101 | D:2      | Reached XP level 6. HP: 42/43 MP: 6/6
  1494 | D:3      | Noticed Ijyb
  1542 | D:3      | Killed Ijyb
  1971 | D:3      | Noticed Grinder
  1983 | D:3      | Killed Grinder
  1983 | D:3      | Reached skill level 6 in Shields
  1983 | D:3      | Reached XP level 7. HP: 27/49 MP: 7/7
  2713 | D:4      | Reached skill level 5 in Fighting
  3333 | D:4      | Found a staircase to the Ecumenical Temple.
  3360 | Temple   | Entered the Ecumenical Temple
  3637 | Temple   | Became a worshipper of Makhleb the Destroyer
  4022 | D:5      | Entered Level 5 of the Dungeon
  4176 | D:5      | Noticed Dowan
  4178 | D:5      | Noticed Duvessa
  4187 | D:5      | Killed Dowan
  4192 | D:5      | Slain by Duvessa

Skill      XL: |  1  2  3  4  5  6  7 |
---------------+----------------------+-----
Fighting       | 4 5 |  5.2
Axes           | 3 4 |  4.7
Shields        | 4 5 6 |  6.7
Dodging        | |  3.0

Action                   |  1- 3 |  4- 6 |  7- 9 || total
-------------------------+-------+-------+-------++-------
Melee: War axe           |    44 |    92 |    69 ||   205
       Constrict         |    13 |    14 |    18 ||    45
       Tentacles         |     7 |    14 |    12 ||    33
  Use: Potion            |     1 |       |       ||     1
       Scroll            |       |       |     3 ||     3
 Stab: Sleeping          |     5 |    17 |     2 ||    24
  Eat: Chunk             |       |     3 |       ||     3
       Ration            |       |       |     2 ||     2
Armor: Skin              |       |     3 |     3 ||     6
Dodge: Dodged            |    20 |    31 |    23 ||    74
Block: Shield            |    22 |    30 |    25 ||    77
